 Dungeon Crawl Stone Soup version 0.30-a0-137-gd8773701ce (webtiles) character file.

Game seed: 12280978135411004593

22 Dreamer the Insei (level 2, 0/18 HPs)
             Began as an Octopode Transmuter on Sept 23, 2022.
             Slain by a giant cockroach (1 damage)
             ... on level 1 of the Dungeon.
             The game lasted 00:01:22 (707 turns).

Dreamer the Insei (Octopode Transmuter)              Turns: 707, Time: 00:01:22

Health: 0/18       AC:  1    Str:  9    XL:     2   Next: 91%
Magic:  5/5        EV: 13    Int: 15    God:
Gold:   51         SH:  0    Dex: 12    Spells: 4/5 levels left

rFire   . . .      SeeInvis .    b - +0 club
rCold   . . .      Faith    .    (no shield)
rNeg    . . .      Spirit   .    (helmet restricted)
rPois   .          Reflect  .    (no amulet)
rElec   .          Harm     .    (no ring)
rCorr   .          Rampage  .    (no ring)
Will    .....                    (no ring)
Stlth   ++........               (no ring)
HPRegen 0.06/turn                (no ring)
MPRegen 0.09/turn                (no ring)
                                 (no ring)
                                 (no ring)

@: no status effects
A: almost no armour, amphibious, 8 rings, camouflage 1, gelatinous body 1,
(nimble swimmer 1), tentacles
a: no special abilities


You were on level 1 of the Dungeon.
You visited 1 branch of the dungeon, and saw 1 of its levels.

You collected 51 gold pieces.

Inventory:

Hand Weapons
 b - a +0 club (weapon)
Scrolls
 c - a scroll of teleportation {unknown}
 e - a scroll of fear {unknown}
Potions
 a - a potion of lignification
 d - a potion of flight {unknown}


   Skills:
 - Level 1.0 Fighting
 - Level 2.0 Dodging
 - Level 3.0 Unarmed Combat
 - Level 2.0 Spellcasting
 * Level 2.9 Transmutations
 + Level 1.2 Ice Magic


You had 4 spell levels left.
You knew the following spells:

 Your Spells              Type           Power      Damage    Failure   Level
a - Beastly Appendage     Tmut           20%        N/A       7%          1

Your spell library contained the following spells:

 Spells                   Type           Power      Damage    Failure   Level
 Wereblood                Tmut           10%        N/A       10%         2
 Spider Form              Tmut/Pois      5%         N/A       36%         3
 Ice Form                 Ice/Tmut       7%         N/A       67%         4


Dungeon Overview and Level Annotations

Branches:
Dungeon (1/15)

Altars:


Innate Abilities, Weirdness & Mutations

You cannot wear most types of armour.
You are amphibious.
You can wear up to eight rings at the same time.
Your skin changes colour to match your surroundings (Stealth+).
Your rubbery body absorbs attacks. (AC +1, EV +1)
((You are camouflaged when in or above water. (Stealth+)))
You have tentacles for arms and can constrict up to eight enemies at once.


Message History

There is an open door here.
An endoplasm comes into view.
An endoplasm is nearby!
A goblin comes into view. It is wielding a +0 dagger.
Found a scroll labelled MYPLUCV BONIRGHINE.
The goblin shouts!
A giant cockroach comes into view.
A bat comes into view.
The bat moves out of view.
You hit the endoplasm.
The endoplasm is lightly wounded.
You completely miss the endoplasm.
The endoplasm is lightly wounded.
The endoplasm splashes around in the water.
The endoplasm freezes you.
You are frozen.
You hit the endoplasm.
The endoplasm is moderately wounded.
The goblin hits you with a +0 dagger. The endoplasm closely misses you.
You hit the endoplasm but do no damage.
The endoplasm is moderately wounded.
The bat barely misses you. The bat completely misses you.
The goblin closely misses you.
The endoplasm splashes around in the water.
You hit the endoplasm.
The endoplasm is severely wounded.
The bat hits you. The goblin barely misses you. The endoplasm freezes you.
You are frozen.
The bat hits you.
You barely miss the endoplasm.
The endoplasm is severely wounded.
The bat hits you. The goblin completely misses you. The endoplasm freezes you.
You are frozen.
* * * LOW HITPOINT WARNING * * *
The goblin closely misses you.
The endoplasm splashes around in the water.
You hit the endoplasm.
You kill the endoplasm!
The giant cockroach bites you.
You die...

###### ###♣..♣.?.
##♣....~~P..P
####.P....~♣♣...
#.......♣B~~~♣♣.
#.####P.@~~~~~~♣ #.#
##P.g~~♣~~~
###'######P...~~~.
#######..........P..P...
......+.....>.....####.#
#######............. #
...# #...........## ##.#
#..)........# #.#
#...........#


You could see a giant cockroach and a goblin.

Vanquished Creatures
  A gnoll (D:1)
  2 endoplasms (D:1)
  A goblin (D:1)
  3 hobgoblins (D:1)
  2 ball pythons (D:1)
  2 bats (D:1)
  A frilled lizard (D:1)
  2 kobolds (D:1)
14 creatures vanquished.

Notes
Turn   | Place    | Note
-------+----------+-------------------------------------------
     0 | D:1      | Dreamer the Octopode Transmuter began the quest for the
                  | Orb.
     0 | D:1      | Reached XP level 1. HP: 13/13 MP: 3/3
   154 | D:1      | Reached XP level 2. HP: 18/18 MP: 5/5
   273 | D:1      | Reached skill level 1 in Ice Magic
   707 | D:1      | Slain by a giant cockroach

Illustrated notes

Levels and vault maps discovered:
D:1:      heliophobic_arrival_enchanted_forest, layout_basic,
          serial_bayou_pond_a, minmay_misc_feat_pillars

Skill      XL: |  1  2 |
---------------+-------+-----
Ice Magic      | 1 |  1.2
Fighting       | |  1.0
Dodging        | |  2.0
Unarmed Combat | |  3.0
Spellcasting   | |  2.0
Transmutations | |  2.9

Action                   || total
-------------------------++-------
Melee: Unarmed           ||     4
       Constrict         ||     9
       Tentacles         ||     6
       Kick              ||     2
       Club              ||    28
       Punch             ||     1
 Cast: Beastly Appendage ||     4
 Stab: Sleeping          ||     3
Dodge: Dodged            ||    19

Table legend: (Time is in decaauts)
 A = Elapsed time spent in this place.
 B = Non-inter-level travel time spent in this place.
 C = Inter-level travel time spent in this place.
 D = Time resting spent in this place.
 E = Time spent auto-exploring this place.
 F = Levels seen in this place.
 G = Mean time per level.
                   A        B        C        D        E       F      G
               +--------+--------+--------+--------+--------+-----+--------+
         Total |    715 |    715 |      0 |    124 |    445 |   1 |  715.0 |
       Dungeon |    715 |    715 |      0 |    124 |    445 |   1 |  715.0 |
               +--------+--------+--------+--------+--------+-----+--------+

Top non-repeatable levels by time:
     D:1: 715 daAuts
